 Dungeon Crawl Stone Soup version 0.28-a0-1613-gdaab1c2f9b (webtiles) character file.

Game seed: 1289964303763275758

33 belegose the Skirmisher (level 3, -2/29 HPs)
             Began as a Formicid Abyssal Knight on Jan 21, 2022.
             Was a Believer of Lugonu.
             Succumbed to an adder's poison
             ... on level 1 of the Dungeon.
             The game lasted 00:04:06 (1210 turns).

belegose the Skirmisher (Formicid Abyssal Knight)   Turns: 1210, Time: 00:04:06

Health: -2/29      AC:  5    Str: 19    XL:     3   Next: 47%
Magic:  5/5        EV: 10    Int:  9    God:    Lugonu [**....]
Gold:   69         SH:  0    Dex: 11    Spells: 2/2 levels left

rFire   . . .      SeeInvis +   a - +1 mace
rCold   . . .      Faith    .   (no shield)
rNeg    . . .      Spirit   .   g - +0 ring mail
rPois   .          Reflect  .   (helmet unavailable)
rElec   .          Harm     .   (no cloak)
rCorr   .          Rampage  .   (no gloves)
Will    .....                   (no boots)
Stlth   +.........              (no amulet)
HPRegen 0.09/turn               (no ring)
MPRegen 0.09/turn               (no ring)

@: lethally poisoned (-2 -> -14)
A: permanent stasis, dig shafts and tunnels, antennae 3, four strong arms
a: Dig, Shaft Self, Renounce Religion, Depart the Abyss, Bend Space


You were on level 1 of the Dungeon.
You worshipped Lugonu.
Lugonu was pleased with you.
You visited 1 branch of the dungeon, and saw 2 of its levels.
You visited the Abyss 1 time.

You collected 69 gold pieces.

Inventory:

Hand Weapons
 a - a +1 mace (weapon)
 b - a +1 hunting sling of flaming
Missiles
 c - 9 poisoned darts
 d - 43 stones (quivered)
Armour
 g - a +0 ring mail (worn)
Scrolls
 e - 2 scrolls of enchant weapon {unknown}


   Skills:
 + Level 3.6 Fighting
 + Level 2.3 Maces & Flails
 + Level 0.5 Throwing
 + Level 2.7 Armour
 - Level 0.8 Dodging
 + Level 2.8 Invocations


You had 2 spell levels left.
You didn't know any spells.
Your spell library was empty.

Dungeon Overview and Level Annotations

Branches:
Dungeon (2/15)

Altars:


Innate Abilities, Weirdness & Mutations

You cannot be hasted, slowed, berserked, paralysed or teleported.
You can dig through walls and to a lower floor.
You have a pair of large antennae on your head. (SInv)
Your four strong arms can wield two-handed weapons with a shield.


Message History

a +0 dagger; a goblin corpse You feel sick.
The adder barely misses you.
You feel sick. The adder bites you but does no damage.
You feel sick.
You feel sick.
You are no longer poisoned.
The adder bites you but does no damage. The adder bites you but does no damage.
The adder bites you.
You are poisoned.
The adder poisons you!
You barely miss the adder. Your punch misses the adder.
You feel sick. The adder closely misses you.
You hit the adder but do no damage.
You feel sick. The adder bites you.
You are more poisoned.
The adder poisons you! The adder closely misses you.
You sock the adder!
The adder is severely wounded.
You feel very sick. The adder bites you.
You are lethally poisoned!
The adder poisons you! The adder misses you.
You barely miss the adder.
The adder is severely wounded.
You feel very sick. The adder bites you.
* * * LOW HITPOINT WARNING * * *
You are more poisoned.
The adder poisons you! The adder bites you.
* * * LOW HITPOINT WARNING * * *
You aren't carrying any potions.
You closely miss the adder.
The adder is severely wounded.
* * * LOW HITPOINT WARNING * * *
You feel very sick. The adder closely misses you.
You thump the adder!
You kill the adder!
Lugonu accepts your kill.
You can now bend space around yourself.
You die...

###### #....# #....# ########
#....# #....... #....# #.......
#....####################.......
#............J.@................
#............############.......
#............# #.......
#..).........####### ######'#
##>................# #.#
#.)..........#####.# #.#
#............# #.# #.#
#............# #.# #.#
#............# #)## #.#


You could see an endoplasm.

Vanquished Creatures
  An adder (D:1)
  A dart slug (D:1)
  4 ball pythons
  4 endoplasms (D:1)
  2 giant cockroaches (D:1)
  6 goblins (D:1)
  A hobgoblin (D:1)
  2 jackals (D:1)
  A bat (D:1)
  2 frilled lizards (D:1)
  A kobold (D:1)
  4 rats (D:1)
29 creatures vanquished.

Vanquished Creatures (others)
  6 fungi (D:1)
  3 plants (D:1)
9 creatures vanquished.

Grand Total: 38 creatures vanquished

Notes
Turn   | Place    | Note
-------+----------+-------------------------------------------
     0 | Abyss:1  | belegose the Formicid Abyssal Knight began the quest for
                  | the Orb.
     0 | Abyss:1  | Reached XP level 1. HP: 18/18 MP: 2/2
    68 | Abyss:1  | Noticed a smoke demon
    86 | Abyss:1  | Noticed a small abomination
    88 | D:1      | Escaped the Abyss
   239 | D:1      | Reached * piety under Lugonu
   296 | D:1      | Reached XP level 2. HP: 24/24 MP: 3/3
   430 | D:1      | Found a faded altar of an unknown god.
   708 | D:1      | Reached XP level 3. HP: 26/29 MP: 4/4
  1209 | D:1      | HP: 1/29 [poisoned by an adder]
  1210 | D:1      | Reached ** piety under Lugonu
  1210 | D:1      | Succumbed to an adder's poison

Illustrated notes

Levels and vault maps discovered:
D:1:      wander_arrival_abandoned_jail, layout_basic,
          shapermc_ecumenical_altar_mp_urbaneastern, chequers_garden
D:2:      layout_rooms, minmay_pentomino_pile

Action                   || total
-------------------------++-------
Melee: Mace              ||    69
 Fire: Hunting sling     ||     1
Invok: Depart the Abyss  ||     1
Armor: Leather armour    ||    11
       Ring mail         ||    12
Dodge: Dodged            ||    41

Table legend: (Time is in decaauts)
 A = Elapsed time spent in this place.
 B = Non-inter-level travel time spent in this place.
 C = Inter-level travel time spent in this place.
 D = Time resting spent in this place.
 E = Time spent auto-exploring this place.
 F = Levels seen in this place.
 G = Mean time per level.
                   A        B        C        D        E       F      G
               +--------+--------+--------+--------+--------+-----+--------+
         Total |   1229 |   1106 |    123 |     48 |    515 |   3 |  409.7 |
       Dungeon |   1141 |   1018 |    123 |     48 |    515 |   2 |  570.5 |
         Abyss |     88 |     88 |      0 |      0 |      0 |   1 |   88.0 |
               +--------+--------+--------+--------+--------+-----+--------+

Top non-repeatable levels by time:
     D:1: 1125 daAuts
 Abyss:1: 88 daAuts
     D:2: 16 daAuts
